 Dungeon Crawl Stone Soup version 0.19.1 (webtiles) character file.

1768 Nerd the Carver (level 8, -4/60 HPs)
             Began as a Demonspawn Wanderer on Nov 24, 2016.
             Was an Initiate of Okawaru.
             Splashed by a jelly's acid (6 damage)
             ... on level 6 of the Dungeon.
             The game lasted 00:17:37 (10326 turns).

Nerd the Carver (Demonspawn Wanderer)              Turns: 10326, Time: 00:17:39

Health: -4/60      AC: -2    Str: 11    XL:     8   Next: 80%
Magic:  9/9        EV: 10    Int: 15    God:    Okawaru [......]
Gold:   458        SH:  0    Dex: 17    Spells: 0 memorised, 9 levels left

rFire  + . .     SeeInvis .     d - +0 long sword
rCold  + . .     Gourm    .     x - +0 ring mail
rNeg   . . .     Faith    .     (no shield)
rPois  .         Spirit   .     (helmet restricted)
rElec  .         Reflect  .     (no cloak)
rCorr  .         Harm     .     f - +1 pair of gloves
MR     .....                    (no boots)
Stlth  +.........               (no amulet)
                                (no ring)
                                g - ring of wizardry

@: corroded
A: antennae 2, talons 1, slimy green scales 1, clever 1, cold resistance 1, fire
resistance 1, slow regeneration 1
a: Renounce Religion


You were on level 6 of the Dungeon.
You worshipped Okawaru.
Okawaru was noncommittal.
You were near starving.

You visited 2 branches of the dungeon, and saw 7 of its levels.
You also visited: Sewer and Ossuary.

You collected 458 gold pieces.

Inventory:

Hand Weapons
 a - a +2 falchion
 d - a +0 long sword (weapon)
Armour
 c - a +0 robe
 f - a +1 pair of gloves (worn)
 x - a +0 ring mail (worn)
Jewellery
 g - a ring of wizardry (left hand)
 s - an uncursed amulet of inaccuracy
Wands
 j - a wand of disintegration (5/24)
 t - a wand of heal wounds (5/9)
Scrolls
 b - 5 scrolls of teleportation
 e - 7 scrolls of identify
 i - 4 scrolls of remove curse
 k - 2 scrolls of noise
 l - 2 scrolls of enchant armour
 y - a scroll of recharging
Potions
 h - a potion of lignification
 n - 3 potions of resistance
 o - 2 potions of brilliance
 p - 4 potions of flight
 q - 2 potions of degeneration
 r - a potion of invisibility
 v - a potion of haste
 A - a potion of might
Comestibles
 m - 2 beef jerkies
 w - a royal jelly
 z - a bread ration


   Skills:
 + Level 4.1 Fighting
 * Level 10.2 Long Blades
 + Level 0.6 Armour
 + Level 0.6 Dodging
 - Level 1.0 Stealth
   Level 1.0 Shields
 - Level 1.0 Spellcasting
   Level 1.0 Hexes
   Level 1.0 Fire Magic


You had 9 spell levels left.
You didn't know any spells.

Dungeon Overview and Level Annotations

Branches:
Dungeon (6/15)             Temple (1/1) D:6

Altars:
Ashenzari
Elyvilon
Okawaru
Trog
Uskayaw
Vehumet
Xom
The Shining One


Innate Abilities, Weirdness & Mutations

You have a pair of antennae on your head.
You are partially covered in slimy green scales. (AC +2)
Your flesh is cold resistant. (rC+)
You have sharp toenails.
Your mind is acute. (Int +2)
Your flesh is heat resistant. (rF+)
You regenerate slowly when monsters are visible.


Message History

You hit the jelly but do no damage. The acid corrodes you!
Your hands burn!
* * * LOW HITPOINT WARNING * * *
You claw the jelly, but do no damage.
The jelly is severely wounded.
You are too injured to fight recklessly!
You are too injured to fight recklessly!
You hit the jelly but do no damage.
Your hands burn!
* * * LOW HITPOINT WARNING * * *
The jelly is severely wounded.
The jelly hits you.
* * * LOW HITPOINT WARNING * * *
You are splashed with acid!
The acid burns!
* * * LOW HITPOINT WARNING * * *
You hit the jelly. The acid corrodes you!
Your hands burn!
* * * LOW HITPOINT WARNING * * *
The jelly is almost dead.
The jelly hits you.
* * * LOW HITPOINT WARNING * * *
You are splashed with acid!
The acid burns!
You die...

#.......# ##....### #.#.#.
#.#####.# #.#### #.#.#. #.# #.#
#.# #.#.#. #.#####># ##+## #.#...
#.##....# ##...## #.##..
#.##.##.# ##.....## ##.# ..
#.##.##.## ##...$...## ##..##..
#.##.#...####..[......####.......
................@.....'(......#.#
####.....####..J.....(####...## #
##.#.## ##....(..## ##.## #.###
##....)## ### #.# ##...## #.#
##+## #.# #.#


You could see a jelly.

Vanquished Creatures
  Menkaure (Ossuary)
  2 sky beasts (D:6)
  An orc warrior (D:6)
  A phantom (D:4)
  An ogre (D:5)
  3 centaurs
  Blork the orc (D:6)
  2 bullfrogs
  A scorpion (D:5)
  A howler monkey (D:4)
  A centaur zombie (Ossuary)
  A crimson imp (D:5)
  The ghost of ohados the Firebug, a weakling DEFE (D:3)
  A jelly (D:5)
  A hound (D:4)
  2 orc wizards
  An iguana (D:4)
  A worker ant (D:6)
  4 ogre zombies (Ossuary)
  6 mummies (Ossuary)
  5 adders
  6 oozes
  4 adder zombies (Ossuary)
  11 worms
  10 leopard geckos
  16 orcs
  9 giant cockroaches
  2 gnoll zombies (Ossuary)
  10 goblins
  10 hobgoblins
  6 jackals
  A quokka (D:3)
  4 ball pythons
  13 bats
  3 frilled lizards
  6 goblin zombies (Ossuary)
  3 hobgoblin zombies (Ossuary)
  7 kobolds
  A kobold zombie (Ossuary)
  A quokka skeleton (D:5)
  A quokka zombie (Ossuary)
  8 rats
  8 rat zombies (Ossuary)
178 creatures vanquished.

Notes
Turn   | Place    | Note
-------+----------+-------------------------------------------
     0 | D:1      | Nerd the Demonspawn Wanderer began the quest for the Orb.
     0 | D:1      | Nerd set off with: a +2 falchion, 2 scrolls of teleportation, a +0 robe, a bread ration
     0 | D:1      | Reached XP level 1. HP: 19/19 MP: 2/2
   194 | D:1      | Reached skill level 2 in Long Blades
   194 | D:1      | Gained mutation: Your flesh is cold resistant. (rC+) [demonic ancestry]
   194 | D:1      | Reached XP level 2. HP: 22/25 MP: 3/3
   702 | D:1      | Reached XP level 3. HP: 30/30 MP: 4/4
  1223 | D:2      | Reached skill level 3 in Long Blades
  1952 | D:2      | Reached XP level 4. HP: 35/37 MP: 5/5
  2903 | D:3      | Reached skill level 4 in Long Blades
  2914 | D:3      | Noticed ohados's ghost (weakling DEFE)
  2993 | D:3      | Gained mutation: You regenerate slowly when monsters are visible. [potion of mutation]
  2993 | D:3      | Gained mutation: Your flesh is heat resistant. (rF+) [potion of mutation]
  2993 | D:3      | Gained mutation: Your flesh is very cold resistant. (rC++) [potion of mutation]
  3073 | D:3      | Found a glowing drain.
  3090 | Sewer    | Entered a sewer
  3435 | Sewer    | Gained mutation: You have a pair of small antennae on your head. [demonic ancestry]
  3435 | Sewer    | Reached XP level 5. HP: 40/42 MP: 6/6
  4191 | D:3      | Killed ohados's ghost
  4191 | D:3      | Reached skill level 5 in Long Blades
  4464 | D:4      | Found a shattered altar of Ashenzari.
  4465 | D:4      | Noticed a phantom
  4895 | D:4      | Found a sand-covered staircase.
  4904 | Ossuary  | Entered an ossuary
  4911 | Ossuary  | HP: 2/42 [mummy (7)]
  4928 | Ossuary  | HP: 2/42 [mummy (2)]
  5384 | Ossuary  | Gained mutation: You have a pair of antennae on your head. [demonic ancestry]
  5384 | Ossuary  | Reached XP level 6. HP: 44/48 MP: 7/7
  5827 | Ossuary  | Reached skill level 6 in Long Blades
  6101 | Ossuary  | Noticed Menkaure
  6121 | Ossuary  | Killed Menkaure
  6140 | Ossuary  | Gained mutation: You are partially covered in slimy green scales. (AC +2) [demonic ancestry]
  6140 | Ossuary  | Reached XP level 7. HP: 22/54 MP: 8/8
  6383 | Ossuary  | Reached skill level 7 in Long Blades
  6780 | D:4      | Found a shimmering altar of Xom.
  6797 | D:4      | Found a glowing golden altar of the Shining One.
  6797 | D:4      | Found a white marble altar of Elyvilon.
  6797 | D:4      | Found a hide-covered altar of Uskayaw.
  6798 | D:4      | Found a radiant altar of Vehumet.
  7432 | D:5      | Entered Level 5 of the Dungeon
  7641 | D:5      | Reached skill level 8 in Long Blades
  7857 | D:5      | Found a white marble altar of Elyvilon.
  8225 | D:5      | Reached XP level 8. HP: 55/60 MP: 9/9
  8530 | D:5      | Reached skill level 9 in Long Blades
  9442 | D:6      | Gained mutation: Your mind is acute. (Int +2) [potion of mutation]
  9442 | D:6      | Lost mutation: Your flesh is very cold resistant. (rC++) [potion of mutation]
  9442 | D:6      | Gained mutation: You have sharp toenails. [potion of mutation]
  9586 | D:6      | Noticed Blork the orc
  9596 | D:6      | Killed Blork the orc
  9729 | D:6      | Reached skill level 10 in Long Blades
 10051 | D:6      | Found a staircase to the Ecumenical Temple.
 10057 | Temple   | Entered the Ecumenical Temple
 10073 | Temple   | Became a worshipper of Warmaster Okawaru
 10326 | D:6      | HP: 3/60 [acid (3)]
 10326 | D:6      | Splashed by a jelly's acid

Skill      XL: |  1  2  3  4  5  6  7  8 |
---------------+-------------------------+-----
Long Blades    | 2 3 4 5 6 8 10 | 10.2
Fighting       | |  4.1
Armour         | |  0.6
Dodging        | |  0.6
Stealth        | |  1.0
Shields        | |  1.0
Spellcasting   | |  1.0
Hexes          | |  1.0
Fire Magic     | |  1.0

Action                   |  1- 3 |  4- 6 |  7- 9 || total
-------------------------+-------+-------+-------++-------
Melee: Falchion          |    95 |   341 |   260 ||   696
       Kick              |       |       |    27 ||    27
       Long sword        |       |       |    26 ||    26
Evoke: Wand              |       |       |     7 ||     7
  Use: Potion            |       |     9 |     7 ||    16
       Scroll            |       |     4 |     8 ||    12
 Stab: Sleeping          |     7 |    15 |     3 ||    25
  Eat: Chunk             |     2 |     3 |     7 ||    12
       Bread ration      |       |     3 |     1 ||     4
Armor: Robe              |    16 |    65 |    26 ||   107
       Ring mail         |       |       |    65 ||    65
Dodge: Dodged            |    60 |   176 |    89 ||   325
       Rpst.: Falchion   |    22 |    54 |    32 ||   108
       Long sword        |       |       |     2 ||     2
